 Dungeon Crawl Stone Soup version 0.30-a0-723-gc1506a1cf0 (webtiles) character file.

Game seed: 12204523311432136555

96 bande the Covered (level 4, -6/29 HPs)
             Began as a Gargoyle Fighter on Jan 29, 2023.
             Mangled by a gnoll
             ... wielding a +0 halberd
              (7 damage)
             ... on level 3 of the Dungeon.
             The game lasted 00:02:24 (1858 turns).

bande the Covered (Gargoyle Fighter)                Turns: 1858, Time: 00:02:24

Health: -6/29      AC: 13    Str: 20    XL:     4   Next: 67%
Magic:  4/4        EV:  7    Int:  8    God:
Gold:   94         SH:  4    Dex: 11    Spells: 3/3 levels left

rFire   . . .      SeeInvis .    a - +0 war axe
rCold   . . .      Faith    .    c - +0 buckler
rNeg    + . .      Spirit   .    p - +0 chain mail
rPois   ∞          Reflect  .    (no helmet)
rElec   +          Harm     .    (no cloak)
rCorr   .          Rampage  .    (no gloves)
Will    .....                    (no boots) Stlth
                                 (no amulet)
HPRegen 0.24/turn                (no ring)
MPRegen 0.09/turn                (no ring)

@: no status effects
A: sickness immunity, AC +3, negative energy resistance 1, electricity
resistance, torment resistance 1, petrification resistance
a: no special abilities


You were on level 3 of the Dungeon.
You visited 1 branch of the dungeon, and saw 3 of its levels.

You collected 94 gold pieces.

Inventory:

Hand Weapons
 a - a +0 war axe (weapon)
Armour
 c - a +0 buckler (worn)
 p - a +0 chain mail (worn)
Jewellery
 q - an amulet of magic regeneration
Scrolls
 b - a scroll of vulnerability {unknown}
 f - 6 scrolls of identify {unknown}
 h - 2 scrolls of teleportation {unknown}
 k - 3 scrolls of amnesia {unknown}
 m - a scroll of enchant armour {unknown}
 n - a scroll of noise {unknown}
Potions
 d - a potion of might
 e - a potion of lignification {unknown}
 g - 2 potions of magic {unknown}
 i - 3 potions of curing {unknown}
 j - 3 potions of brilliance {unknown}
 l - a potion of berserk rage {unknown}
 o - a potion of heal wounds {unknown}


   Skills:
 + Level 4.0 Fighting
 + Level 2.7 Axes
 + Level 4.3 Armour
 - Level 0.1 Stealth
 + Level 3.6 Shields


You had 3 spell levels left.
You didn't know any spells.
Your spell library was empty.

Dungeon Overview and Level Annotations

Branches:
Dungeon (3/15)

Altars:

Shops:
D:1 (


Innate Abilities, Weirdness & Mutations

You are immune to sickness and miasma.
Your stone body is resilient. (AC +3)
You are immune to poison.
You resist negative energy. (rN+)
You are resistant to electric shocks. (rElec)
You are resistant to unholy torment.
You are immune to petrification.


Message History

The gnoll is almost dead.
The gnoll hits you with a +0 flail! The gnoll barely misses you.
The gnoll closely misses you.
You barely miss the gnoll.
The gnoll is almost dead.
The gnoll barely misses you. You block the gnoll's attack.
You hit the gnoll.
You kill the gnoll!
The gnoll completely misses you. The gnoll hits you but does no damage.
Your Fighting skill increases to level 4!
A rat comes into view.
The gnoll hits you with a +0 flail! The gnoll closely misses you.
The gnoll hits you but does no damage.
You see here a +0 flail.
You are too injured to fight recklessly!
You are too injured to fight recklessly!
You are too injured to fight recklessly!
You are too injured to fight recklessly!
You are too injured to fight recklessly!
You are too injured to fight recklessly!
You are too injured to fight recklessly!
You are too injured to fight recklessly!
You are too injured to fight recklessly!
You are too injured to fight recklessly!
Unknown command.
You completely miss the gnoll. You hit the gnoll but do no damage.
You slash the gnoll! The gnoll hits you with a +0 flail.
* * * LOW HITPOINT WARNING * * *
The gnoll hits you but does no damage. The gnoll hits you with a +0 spear.
* * * LOW HITPOINT WARNING * * *
The gnoll hits you with a +0 flail.
* * * LOW HITPOINT WARNING * * *
The gnoll hits you with a +0 spear.
* * * LOW HITPOINT WARNING * * *
The gnoll closely misses you.
You hit the gnoll.
The gnoll is moderately wounded.
You hit the gnoll. x2; The gnoll hits you but does no damage.
The gnoll hits you with a +0 halberd!
You die...

#.............#
#.............#
#.............#
#....#####....#
#......#....†.#
####......#......#
#..'..####♣####.†'
#.##......#(.....#
#@##.....)#......#
......ggg#....#####†...#
.......r.#.............#
.........#.............#
###......#.............#
#.##.>.###############
#. ##... # . ##.. . # #.


You could see 3 gnolls and a rat.

Vanquished Creatures
  2 adders (D:2)
  A gnoll (D:3)
  2 dart slugs
  A worm (D:2)
  An orc (D:2)
  4 ball pythons
  6 bats
  5 endoplasms
  3 giant cockroaches (D:3)
  10 hobgoblins
  4 quokkas
  4 frilled lizards
  5 goblins
  6 kobolds
  4 rats
58 creatures vanquished.

Notes
Turn   | Place    | Note
-------+----------+-------------------------------------------
     0 | D:1      | bande the Gargoyle Fighter began the quest for the Orb.
     0 | D:1      | Reached XP level 1. HP: 14/14 MP: 1/1
   197 | D:1      | Reached XP level 2. HP: 8/19 MP: 2/2
   288 | D:1      | Found Noetzass's Antique Weapon Shop.
   553 | D:1      | Reached XP level 3. HP: 24/24 MP: 3/3
  1145 | D:2      | Reached XP level 4. HP: 19/29 MP: 4/4
  1472 | D:2      | Found a faded altar of an unknown god.
  1857 | D:3      | HP: 1/29 [gnoll/+0 spear (3)]
  1858 | D:3      | Mangled by a gnoll

Illustrated notes

Levels and vault maps discovered:
D:1:      lightli_arrival_boilingwater, layout_loops_corners, serial_shops,
          nicolae_square_shop
D:2:      layout_basic, hellmonk_ecumenical_altar_run_dry
D:3:      layout_loops_ring, chequers_temple_overflow_statue_of_worship,
          overflow_temple_1_default, kennysheep_generic_room_16

Skill      XL: |  1  2  3  4 |
---------------+-------------+-----
Axes           | 2 |  2.7
Armour         | 4 |  4.3
Fighting       | 4 |  4.0
Stealth        | |  0.1
Shields        | |  3.6

Action                     |  1- 3 |  4- 6 || total
---------------------------+-------+-------++-------
  Melee: War axe           |   124 |    60 ||   184
 Armour: Scale mail        |    66 |     7 ||    73
         Chain mail        |       |    33 ||    33
  Dodge: Dodged            |    67 |    25 ||    92
  Block: Buckler           |    31 |    17 ||    48

Table legend: (Time is in decaauts)
 A = Elapsed time spent in this place.
 B = Non-inter-level travel time spent in this place.
 C = Inter-level travel time spent in this place.
 D = Time resting spent in this place.
 E = Time spent auto-exploring this place.
 F = Levels seen in this place.
 G = Mean time per level.
                   A        B        C        D        E       F      G
               +--------+--------+--------+--------+--------+-----+--------+
         Total |   1939 |   1909 |     30 |    142 |   1334 |   3 |  646.3 |
       Dungeon |   1939 |   1909 |     30 |    142 |   1334 |   3 |  646.3 |
               +--------+--------+--------+--------+--------+-----+--------+

Top non-repeatable levels by time:
     D:1: 1023 daAuts
     D:2: 757 daAuts
     D:3: 157 daAuts
